 Dungeon Crawl Stone Soup version 0.21-a0-625-g1119ec1 (webtiles) character file.

32 tidbits the Digger (level 3, 20/25 HPs)
             Began as a Gnoll Earth Elementalist on Dec 24, 2017.
             Quit the game on level 1 of the Dungeon.
             The game lasted 00:03:05 (390 turns).

tidbits the Digger (Gnoll Earth Elementalist)        Turns: 390, Time: 00:03:06

Health: 20/25      AC:  2    Str: 10    XL:     3   Next: 25%
Magic:  7/9        EV: 14    Int: 18    God:
Gold:   85         SH:  0    Dex: 15    Spells: 9/12 levels left

rFire    . . .     SeeInvis .   a - +0 dagger
rCold    . . .     Gourm    .   (no shield)
rNeg     . . .     Faith    .   c - +0 robe
rPois    .         Spirit   .   (no helmet)
rElec    .         Reflect  .   (no cloak)
rCorr    .         Harm     .   (no gloves)
MR       .....                  (no boots)
Stlth    +++.......             (no amulet)
HPRegen  0.08/turn              (no ring)
MPRegen  0.11/turn              (no ring)

@: no status effects
A: distributed training, fangs 1, strong nose
a: no special abilities


You were on level 1 of the Dungeon.
You were not hungry.

You visited 1 branch of the dungeon, and saw 2 of its levels.

You collected 85 gold pieces.

Inventory:

Hand Weapons
 a - a +0 dagger (weapon)
 k - a +0 club
Missiles
 b - 16 stones (quivered)
 i - 16 sling bullets
Armour
 c - a +0 robe (worn)
Scrolls
 f - a scroll of identify {unknown}
 g - a scroll of enchant weapon {unknown}
Potions
 h - a potion of might {unknown}
 j - 3 potions of cancellation {unknown}
Books
 e - a book of Geomancy

   Spells                             Type                      Level
   a - Sandblast                      Earth                        1
   b - Passwall                       Transmutation/Earth          2
   c - Stone Arrow                    Conjuration/Earth            3
   d - Petrify                        Transmutation/Earth          4
   e - Lee's Rapid Deconstruction     Earth                        5
Comestibles
 d - 2 rations


   Skills:
 + Level 0.6 Fighting
 + Level 0.6 Short Blades
 + Level 0.6 Long Blades
 + Level 0.6 Axes
 + Level 0.6 Maces & Flails
 + Level 0.6 Polearms
 + Level 0.6 Staves
 + Level 0.6 Slings
 + Level 0.6 Bows
 + Level 0.6 Crossbows
 + Level 0.6 Throwing
 + Level 0.6 Armour
 + Level 4.5 Dodging
 + Level 4.1 Stealth
 + Level 0.6 Shields
 + Level 0.6 Unarmed Combat
 + Level 5.0 Spellcasting
 + Level 0.4 Conjurations
 + Level 0.4 Hexes
 + Level 0.4 Charms
 + Level 0.4 Summonings
 + Level 0.4 Necromancy
 + Level 0.4 Translocations
 + Level 2.1 Transmutations
 + Level 0.4 Fire Magic
 + Level 0.4 Ice Magic
 + Level 0.4 Air Magic
 + Level 5.4 Earth Magic
 + Level 0.4 Poison Magic
 + Level 0.8 Invocations
 + Level 0.6 Evocations


You had 9 spell levels left.
You knew the following spells:

 Your Spells              Type           Power        Failure   Level  Hunger
a - Sandblast             Erth           ###...       1%          1    None
p - Passwall              Tmut/Erth      ###.......   4%          2    #......


Dungeon Overview and Level Annotations

Branches:
Dungeon (2/15)

Altars:
Gozag


Innate Abilities, Weirdness & Mutations

Your experience applies equally to all skills.
You have very sharp teeth.
Your uncanny sense of smell can sniff out nearby items.


Message History

Aim: a rat (resting)
The blast of sand hits the rat.
You kill the rat!
b - 23 stones A rat comes into view.
You see here 3 brown potions.
j - 3 brown potions A leopard gecko and a goblin come into view.
Casting: Sandblast
Confirm with . or Enter, or press ? or * to list all spells.
Aiming: Sandblast
Press: ? - help, Shift-Dir - straight line, f - goblin
Aim: a goblin (resting)
The blast of sand hits the goblin.
You kill the goblin!
Your Spellcasting skill increases to level 5!
b - 22 stones
Found a dagger.
You see here a dagger.
k - a dagger Wield which item (- for none, * to show all)? (? for menu, Esc to quit)
k - a +0 dagger (weapon)
Adjust (i)tems, (s)pells, or (a)bilities?
Adjust which item? (? for menu, Esc to quit)
k - a +0 dagger (weapon)
Adjust to which letter? (? for menu, Esc to quit)
a - a +0 dagger (weapon);
k - a +0 club The leopard gecko hisses angrily.
The leopard gecko closely misses you.
Casting: Sandblast
Confirm with . or Enter, or press ? or * to list all spells.
Aiming: Sandblast
Press: ? - help, Shift-Dir - straight line, f - leopard gecko
Aim: a leopard gecko (clinging)
The blast of sand misses the leopard gecko.
b - 21 stones The leopard gecko barely misses you.
Casting: Sandblast
Confirm with . or Enter, or press ? or * to list all spells.
Aiming: Sandblast
Press: ? - help, Shift-Dir - straight line, f/p - leopard gecko
Aim: a leopard gecko (clinging)
The blast of sand hits the leopard gecko.
You kill the leopard gecko!
b - 20 stones You see here a leopard gecko corpse.
A giant cockroach comes into view.
Found a ration.
The helpless giant cockroach fails to defend itself.
You puncture the giant cockroach!
You kill the giant cockroach!
You see here a giant cockroach corpse.
You see here a ration.
d - 2 rations (gained 1)
Found 15 gold pieces.
A hobgoblin comes into view. It is wielding a club.
You see here 15 gold pieces.
You now have 81 gold pieces (gained 15).
Casting: Sandblast
Confirm with . or Enter, or press ? or * to list all spells.
Aiming: Sandblast
Press: ? - help, Shift-Dir - straight line, f - hobgoblin
Aim: a hobgoblin, wielding a club The blast of sand hits the hobgoblin.
The hobgoblin is heavily wounded.
b - 19 stones
Casting: Sandblast
Confirm with . or Enter, or press ? or * to list all spells.
Aiming: Sandblast
Press: ? - help, Shift-Dir - straight line, f/p - hobgoblin
Aim: a hobgoblin, wielding a club (heavily wounded)
The blast of sand misses the hobgoblin.
b - 18 stones The hobgoblin hits you with a club.
Casting: Sandblast
Confirm with . or Enter, or press ? or * to list all spells.
Aiming: Sandblast
Press: ? - help, Shift-Dir - straight line, f/p - hobgoblin
Aim: a hobgoblin, wielding a club (heavily wounded)
The blast of sand hits the hobgoblin.
You kill the hobgoblin!
b - 17 stones You see here a club.
Found 4 gold pieces.
You see here 4 gold pieces.
You now have 85 gold pieces (gained 4).
The rat twitches its whiskers.
The rat bites you.
You barely miss the rat. The rat misses you.
You barely miss the rat. You bite the rat, but do no damage.
The rat closely misses you.
Casting: Sandblast
Confirm with . or Enter, or press ? or * to list all spells.
Aiming: Sandblast
Press: ? - help, Shift-Dir - straight line, f - rat
Aim: a rat The blast of sand hits the rat.
You kill the rat!
b - 16 stones Are you sure you want to abandon this character and quit the game? (Confirm with "yes".)

#.####### #.#
####.#######
#.......# ..#
#..........#
#######.#
######....#####.#
#.# ^.........##
.# #.#
####.......# .##
#.#
...........####...
#.#
#.##..............
#.#
#†###.#...........
#####.#
#@##.###........##
#....#......##.###
#.#†###.####
#.###.###.#.##.#
.....#...#### #.#
.# #.##.#
#..####.###... #.#
.# #.#.##.# #..
#.# #.# #.###.#
#.#.##.# #. #.#
#.# #.....#
#.#.##.# #.# #.#
#..#### #.#.##.#
#.# #.# #..#
#.#.##.# #.# #.#


There were no monsters in sight!

Vanquished Creatures
  A worm (D:2)
  A dart slug (D:2)
  A leopard gecko (D:1)
  A ball python (D:2)
  2 giant cockroaches (D:1)
  4 goblins (D:1)
  4 hobgoblins (D:1)
  3 jackals (D:1)
  A bat (D:2)
  5 rats
23 creatures vanquished.

Notes
Turn   | Place    | Note
-------+----------+-------------------------------------------
     0 | D:1      | tidbits the Gnoll Earth Elementalist began the quest for the Orb.
     0 | D:1      | Reached XP level 1. HP: 13/13 MP: 6/6
    32 | D:2      | Reached skill level 2 in Transmutations
    51 | D:1      | Reached XP level 2. HP: 19/19 MP: 1/7
    55 | D:1      | Learned a level 2 spell: Passwall
   119 | D:2      | Found an opulent altar of Gozag.
   251 | D:1      | Reached XP level 3. HP: 25/25 MP: 6/9
   294 | D:1      | Reached skill level 5 in Spellcasting
   390 | D:1      | Quit the game

Vault maps used:
D:1:      dpeg_arrival_simpleton_b
D:2:      nicolae_gozag_cash_rules_everything_around_me, first_ration,
          minmay_misc_feat_five, kennysheep_generic_room_8

Skill      XL: |  1  2  3 |
---------------+----------+-----
Transmutations | 2 |  2.1
Spellcasting   | 5 |  5.0
Fighting       | |  0.6
Short Blades   | |  0.6
Long Blades    | |  0.6
Axes           | |  0.6
Maces & Flails | |  0.6
Polearms       | |  0.6
Staves         | |  0.6
Slings         | |  0.6
Bows           | |  0.6
Crossbows      | |  0.6
Throwing       | |  0.6
Armour         | |  0.6
Dodging        | |  4.5
Stealth        | |  4.1
Shields        | |  0.6
Unarmed Combat | |  0.6
Conjurations   | |  0.4
Hexes          | |  0.4
Charms         | |  0.4
Summonings     | |  0.4
Necromancy     | |  0.4
Translocations | |  0.4
Fire Magic     | |  0.4
Ice Magic      | |  0.4
Air Magic      | |  0.4
Earth Magic    | |  5.4
Poison Magic   | |  0.4
Invocations    | |  0.8
Evocations     | |  0.6

Action                   || total
-------------------------++-------
Melee: Club              ||     9
       Dagger            ||     3
       Bite              ||     1
 Cast: Sandblast         ||    33
 Stab: Sleeping          ||     2
Armor: Robe              ||     6
Dodge: Dodged            ||    32

Table legend:
 A = Spawn XP
 B = Non-spawn XP
 C = Spawn XP percentage of total XP
 D = Spawn monster count
 E = Non-spawn monster count
 F = Spawn count percentage of total count
 G = Total turns spent on level
                    A         B        C        D         E        F      G
               +---------+---------+-------+---------+---------+-------+---------
         Total |       0 |      46 |   0.0 |       0 |      23 |   0.0 |   390
               +---------+---------+-------+---------+---------+-------+---------
           D:1 |       0 |      32 |   0.0 |       0 |      17 |   0.0 |   314
           D:2 |       0 |      14 |   0.0 |       0 |       6 |   0.0 |    76
               +---------+---------+-------+---------+---------+-------+---------

Table legend:
 A = Turns spent in this place as a percentage of turns spent in the entire game.
 B = Non-inter-level travel turns spent in this place as a percentage of non-inter-level travel turns spent in the entire game.
 C = Inter-level travel turns spent in this place as a percentage of turns spent in this place.
 D = Turns resting spent in this place as a percentage of non-inter-level travel turns spent in this place.
 E = Turns spent auto-exploring this place as a percentage of non-inter-level travel turns spent in this place.
 F = Non-inter-level travel turns spent in this place divided by the number of levels of this place that you've seen.
                   A       B       C       D       E      F
               +-------+-------+-------+-------+-------+----------------------
         Total | 100.0 | 100.0 |   0.0 |   0.0 |   0.0 | 195.0
       Dungeon | 100.0 | 100.0 |   0.0 |   0.0 |   0.0 | 195.0
               +-------+-------+-------+-------+-------+----------------------

Table legend:
 A = Kills in this place as a percentage of kills in entire the game.
 B = Kills by you in this place as a percentage of kills by you in the entire game.
 C = Kills by friends in this place as a percentage of kills by friends in the entire game.
 D = Other kills in this place as a percentage of other kills in the entire game.
 E = Experience gained in this place as a percentage of experience gained in the entire game.
 F = Experience gained in this place divided by the number of levels of this place that you have seen.
                   A       B       C       D       E      F
               +-------+-------+-------+-------+-------+----------------------
         Total | 100.0 | 100.0 |   N/A |   N/A | 100.0 |  23.0
       Dungeon | 100.0 | 100.0 |   N/A |   N/A | 100.0 |  23.0
               +-------+-------+-------+-------+-------+----------------------

Vault maps used:
D:1:      dpeg_arrival_simpleton_b
D:2:      nicolae_gozag_cash_rules_everything_around_me, first_ration,
          minmay_misc_feat_five, kennysheep_generic_room_8
